 Dungeon Crawl Stone Soup version 0.18.1-8-gdd0e5ea (webtiles) character file.

41 graki42 the Conjurer (level 3, 5/19 HPs)
             Began as a Deep Elf Conjurer on May 28, 2016.
             Quit the game on level 1 of the Dungeon.
             The game lasted 00:04:23 (601 turns).

graki42 the Conjurer (Deep Elf Conjurer)             Turns: 601, Time: 00:04:23

Health: 5/19       AC:  3    Str:  6    XL:     3   Next: 32%
Magic:  2/9        EV: 13    Int: 19    God:
Gold:   39         SH:  0    Dex: 15    Spells: 1 memorised, 7 levels left

rFire  x . .     SeeInvis .     (no weapon)
rCold  + . .     Gourm    .     a - +0 robe
rNeg   . . .     Faith    .     (no shield)
rPois  .         Spirit   .     (no helmet)
rElec  .         Dismiss  .     d - +0 cloak
rCorr  .         Reflect  .     (no gloves)
SustAt .         Harm     .     (no boots)
MR     .....                    (no amulet)
Stlth  ++........               (no ring)
                                l - ring of ice

@: not resistant to hostile enchantments, unstealthy
A: no striking features
a: no special abilities


You were on level 1 of the Dungeon.
You were not hungry.

You visited 1 branch of the dungeon, and saw 2 of its levels.

You collected 39 gold pieces.

Inventory:

Armour
 a - a +0 robe (worn)
 d - a +0 cloak (worn)
Jewellery
 l - a ring of ice (left hand)
Scrolls
 e - a scroll of enchant weapon {unknown}
 g - a scroll of identify {unknown}
 i - a scroll of enchant armour {unknown}
Potions
 h - a potion of might {unknown}
 j - a potion of haste {unknown}
Books
 b - a book of Conjurations

   Spells                             Type                      Level
   a - Magic Dart                     Conjuration                  1
   b - Searing Ray                    Conjuration                  2
   c - Dazzling Spray                 Conjuration/Hexes            3
   d - Fulminant Prism                Conjuration/Hexes            4
   e - Iskenderun's Mystic Blast      Conjuration                  4
   f - Iskenderun's Battlesphere      Conjuration/Charms           5
Comestibles
 c - a bread ration
 f - 2 slices of pizza
 k - a meat ration


   Skills:
 + Level 2.6 Dodging
 + Level 2.7 Stealth
 + Level 3.4 Spellcasting
 + Level 5.3 Conjurations


You had 7 spell levels left.
You knew the following spells:

 Your Spells              Type           Power        Failure   Level  Hunger
a - Magic Dart            Conj           ###.         1%          1    None


Dungeon Overview and Level Annotations

Branches:
Dungeon (2/15)

Altars:


Message History

The bat closely misses you. The bat barely misses you. The bat misses you.
The bat hits you but does no damage. The bat barely misses you.
The bat hits you but does no damage. The bat barely misses you.
The bat hits you but does no damage. The bat hits you but does no damage.
The bat hits you but does no damage. The bat hits you but does no damage.
The bat barely misses you. The bat closely misses you.
There is a stone staircase leading up here.
The bat completely misses you.
You climb upwards.
There is a stone staircase leading down here.
Put on which piece of jewellery? (? for menu, Esc to quit)
You feel more attuned to ice.
l - a ring of ice (left hand) Are you sure you want to abandon this character and quit the game? (Confirm with "yes".)

#..#.#.#....### #########
#..#...##.....### ≈≈≈≈§≈≈8#
#..#.####..#....# ........#
##.#.#.....#....# ........###
#.#.....#......# ...8....')#
#.....#.##.....#
...8....'.####........#.....#####
........#.........#..............
.)......#.####..@...#.##.....)...
≈§≈≈≈≈≈8#.#.......###.##.........
#########.............#..........
####.####...###.....###'#
########...)........#.###.....#
###.....................[.......#
..#............#####.###........#
..........(............#........#
...........#########.#.#........#


There were no monsters in sight!

Vanquished Creatures
  An adder (D:2)
  A dart slug (D:1)
  3 giant geckos
  A ball python (D:1)
  2 giant cockroaches (D:1)
  4 hobgoblins (D:1)
  2 kobolds (D:1)
  6 bats (D:1)
  2 giant newts (D:1)
  2 rats
24 creatures vanquished.

Notes
Turn   | Place    | Note
--------------------------------------------------------------
     0 | D:1      | graki42 the Deep Elf Conjurer began the quest for the Orb.
     0 | D:1      | Reached XP level 1. HP: 10/10 MP: 6/6
   117 | D:1      | Reached XP level 2. HP: 15/15 MP: 1/8
   339 | D:1      | Reached skill level 5 in Conjurations
   506 | D:1      | Reached XP level 3. HP: 17/19 MP: 6/9
   601 | D:1      | Quit the game

Skill      XL: |  1  2 |
---------------+-------+-----
Conjurations   | 5 |  5.3
Dodging        | |  2.6
Stealth        | |  2.7
Spellcasting   | |  3.4

Action                   || total
-------------------------++-------
Melee: Unarmed           ||    11
 Cast: Magic Dart        ||    53
 Stab: Sleeping          ||     1
Armor: Robe              ||     6
Dodge: Dodged            ||    22
